 Dungeon Crawl Stone Soup version 0.24-a0-529-g0b98641 (webtiles) character file.

Game seed: 16716863299023268710

788438 pkoi the Hoplite (level 27, -3/231 (232) HPs)
             Began as a Minotaur Fighter on Aug 5, 2019.
             Was a High Priest of Makhleb.
             Slain by an Executioner (9 damage)
             ... summoned by Gloorx Vloq
             ... in Pandemonium on Aug 6, 2019.
             The game lasted 03:43:15 (82577 turns).

pkoi the Hoplite (Minotaur Fighter)                Turns: 82577, Time: 03:43:16

HP:   -3/231 (232)  AC: 47    Str: 35    XL:     27
MP:   0/36          EV: 15    Int: 10    God:    Makhleb [*****.]
Gold: 8506          SH: 37    Dex:  8    Spells: 40/41 levels left

rFire    + + .     SeeInvis +   L - +9 double sword (flame)
rCold    + + +     Gourm    .   h - +10 large shield of Ignorance {rN+ Int-4}
rNeg     + + .     Faith    .   u - +12 gold dragon scales
rPois    +         Spirit   +   a - -1 hat of Anaesthesia {rF+ rC++ Int+3}
rElec    +         Reflect  .   d - +0 cloak of the Original Sin {rN+ Str+2}
rCorr    .         Harm     .   A - +3 pair of gauntlets of War {Slay+5}
MR       ++...                  v - +1 pair of boots
Stlth    ..........             O - amulet "Lyasheax" {Spirit +Blink Str+3}
HPRegen  0.48/turn              j - +4 ring of slaying
MPRegen  0.25/turn              I - ring of Anarchy {rElec rPois Int+2 Slay+5 SInv}

@: slowed, very slow
A: retaliatory headbutt, horns 2, yellow scales 1, clumsy 1, frail 1, wild magic
1, evolution 1, MP-powered wands
}: 4/15 runes: decaying, slimy, silver, gossamer
a: Minor Destruction, Lesser Servant of Makhleb, Major Destruction, Greater
Servant of Makhleb, Renounce Religion, Evoke Blink


You were in Pandemonium.
You worshipped Makhleb.
Makhleb was extremely pleased with you.
You were not hungry.

You visited 12 branches of the dungeon, and saw 58 of its levels.
You visited Pandemonium 1 time, and saw 2 of its levels.
You visited the Abyss 7 times.
You also visited: Trove, Ossuary, Gauntlet and Desolation.

You collected 12668 gold pieces.
You spent 4162 gold pieces at shops.

Inventory:

Hand Weapons
 L - a +9 double sword of flaming (weapon)
Missiles
 b - 38 silver javelins
 H - 4 boomerangs (quivered)
Armour
 a - the -1 hat of Anaesthesia (worn) {rF+ rC++ Int+3}
   (You acquired it on level 3 of the Depths)

   It affects your intelligence (+3).
   It protects you from fire.
   It greatly protects you from cold.
 d - the +0 cloak of the Original Sin (worn) {rN+ Str+2}
   (You found it in a treasure trove)

   It affects your strength (+2).
   It protects you from negative energy.
 h - the +10 large shield of Ignorance (worn) {rN+ Int-4}
   (You found it on level 2 of the Orcish Mines)

   It affects your intelligence (-4).
   It protects you from negative energy.
 u - +12 gold dragon scales (worn)
 v - a +1 pair of boots (worn)
 A - the +3 pair of gauntlets of War (worn) {Slay+5}
   (You found it on level 3 of the Elven Halls)

   It affects your accuracy and damage with ranged weapons and melee attacks
   (+5).
 D - a +2 hat of magic resistance
Jewellery
 c - an uncursed amulet of the gourmand
 j - a +4 ring of slaying (left hand)
 I - the ring of Anarchy (right hand) {rElec rPois Int+2 Slay+5 SInv}
   (You bought it in a shop on level 6 of the Dungeon)

   [ring of intelligence]

   It affects your intelligence (+2).
   It affects your accuracy and damage with ranged weapons and melee attacks
   (+5).
   It insulates you from electricity.
   It protects you from poison.
   It lets you see invisible.
 M - the ring of Mimics {+Fly rC++ MR+ Dex+4 Stlth+}
   (You found it on level 3 of the Realm of Zot)

   [ring of protection from magic]

   It affects your dexterity (+4).
   It greatly protects you from cold.
   It affects your resistance to hostile enchantments.
   It lets you fly.
   It makes you more stealthy.
 O - the amulet "Lyasheax" (around neck) {Spirit +Blink Str+3}
   (You found it on level 8 of the Dungeon)

   [amulet of guardian spirit]

   It causes incoming damage to be split between your health and magic.
   It affects your strength (+3).
   It lets you blink.
Wands
 e - a wand of scattershot (5)
 g - a wand of iceblast (81)
 s - a wand of acid (57)
 z - a wand of digging (18)
 P - a wand of clouds (15)
Scrolls
 i - 23 scrolls of identify
 k - a scroll of silence
 n - 9 scrolls of remove curse
 q - 12 scrolls of blinking
 J - 4 scrolls of summoning
 K - 6 scrolls of fear
 N - 4 scrolls of magic mapping
 S - 8 scrolls of fog
 Z - 17 scrolls of teleportation
Potions
 l - 16 potions of heal wounds
 m - 21 potions of curing
 w - 11 potions of haste
 x - 5 potions of agility
 B - 2 potions of resistance
 C - 9 potions of flight
 E - 8 potions of cancellation
 U - 8 potions of might
 W - 6 potions of berserk rage
 Y - 3 potions of magic
Miscellaneous
 o - 2 sacks of spiders
 r - a phantom mirror
 y - a lamp of fire
 Q - a phial of floods
Comestibles
 f - 104 rations


   Skills:
 + Level 23.2 Fighting
 + Level 24.6 Long Blades
 + Level 13.7 Throwing
 + Level 23.1 Armour
 + Level 19.3 Dodging
 + Level 2.2 Stealth
 + Level 25.1 Shields
 + Level 7.9 Spellcasting
 + Level 8.6 Translocations
 + Level 21.6 Invocations
 + Level 14.1 Evocations


You had 40 spell levels left.
You knew the following spells:

 Your Spells              Type           Power        Failure   Level  Hunger
a - Apportation           Tloc           ####..       4%          1    None

Your spell library contained the following spells:

 Spells                   Type           Power        Failure   Level  Hunger
 Blink                    Tloc           N/A          7%          2    ##.....
 Gell's Gravitas          Tloc           ####......   13%         3    ###....
 Lesser Beckoning         Tloc           ####......   13%         3    ###....
 Teleport Other           Tloc           ####....     13%         3    ###....
 Shroud of Golubria       Chrm/Tloc      ###...       34%         2    ##.....
 Passage of Golubria      Tloc           N/A          36%         4    ####...
 Portal Projectile        Hex/Tloc       ###...       54%         3    ###....
 Recall                   Summ/Tloc      N/A          54%         3    ###....
 Animate Skeleton         Necr           N/A          77%         1    None
 Beastly Appendage        Tmut           #.....       77%         1    None
 Confusing Touch          Hex            #.....       77%         1    None
 Corona                   Hex            #......      77%         1    None
 Flame Tongue             Conj/Fire      #....        77%         1    None
 Freeze                   Ice            #...         77%         1    None
 Infusion                 Chrm           #...         77%         1    None
 Magic Dart               Conj           #...         77%         1    None
 Pain                     Necr           #...         77%         1    None
 Sandblast                Erth           #.....       77%         1    None
 Shock                    Conj/Air       #...         77%         1    None
 Sting                    Conj/Pois      #...         77%         1    None
 Summon Butterflies       Summ           #.......     77%         1    None
 Summon Small Mammal      Summ           #...         77%         1    None
 Call Imp                 Summ           #.......     88%         2    ##.....
 Ensorcelled Hibernation  Hex/Ice        #.....       88%         2    ##.....
 Passwall                 Tmut/Erth      #.......     88%         2    ##.....
 Searing Ray              Conj           #.....       88%         2    ##.....
 Slow                     Hex            #.......     88%         2    ##.....
 Song of Slaying          Chrm           #.......     88%         2    ##.....
 Sticks to Snakes         Tmut           #.......     88%         2    ##.....
 Sublimation of Blood     Necr           #.........   88%         2    ##.....
 Swiftness                Chrm/Air       #.......     88%         2    ##.....
 Throw Flame              Conj/Fire      #.....       88%         2    ##.....
 Throw Frost              Conj/Ice       #.....       88%         2    ##.....
 Force Lance              Conj/Tloc      ###.....     90%         4    ####...
 Call Canine Familiar     Summ           #.......     98%         3    ###....
 Confuse                  Hex            #.......     98%         3    ###....
 Conjure Flame            Conj/Fire      #.......     98%         3    ###....
 Dazzling Spray           Conj/Hex       #.....       98%         3    ###....
 Ignite Poison            Fire/Tmut/Pois #.......     98%         3    ###....
 Inner Flame              Hex/Fire       #.......     98%         3    ###....
 Mephitic Cloud           Conj/Pois/Air  #.......     98%         3    ###....
 Ozocubu's Armour         Chrm/Ice       #.......     98%         3    ###....
 Regeneration             Chrm/Necr      #.........   98%         3    ###....
 Spectral Weapon          Hex/Chrm       #.......     98%         3    ###....
 Spider Form              Tmut/Pois      #.........   98%         3    ###....
 Static Discharge         Conj/Air       #.......     98%         3    ###....
 Stone Arrow              Conj/Erth      #.....       98%         3    ###....
 Summon Guardian Golem    Hex/Summ       #.......     98%         3    ###....
 Tukima's Dance           Hex            #.......     98%         3    ###....
 Vampiric Draining        Necr           #.........   98%         3    ###....
 Airstrike                Air            #.........   100%        4    ####...
 Animate Dead             Necr           N/A          100%        4    ####...
 Cause Fear               Hex            #.........   100%        4    ####...
 Fulminant Prism          Conj/Hex       #.........   100%        4    ####...
 Ice Form                 Ice/Tmut       #.......     100%        4    ####...
 Iskenderun's Mystic Bla  Conj           #.......     100%        4    ####...
 Leda's Liquefaction      Hex/Erth       #.........   100%        4    ####...
 Petrify                  Tmut/Erth      #.......     100%        4    ####...
 Sticky Flame             Conj/Fire      #.......     100%        4    ####...
 Summon Ice Beast         Ice/Summ       #.......     100%        4    ####...
 Summon Lightning Spire   Summ/Air       #.......     100%        4    ####...
 Throw Icicle             Conj/Ice       #.......     100%        4    ####...
 Alistair's Intoxication  Tmut/Pois      #.......     100%        5    ######.
 Blade Hands              Tmut           #.........   100%        5    ######.
 Bolt of Magma            Conj/Fire/Erth #.........   100%        5    ######.
 Borgnjor's Vile Clutch   Necr/Erth      #.........   100%        5    ######.
 Fireball                 Conj/Fire      #.........   100%        5    ######.
 Irradiate                Conj/Tmut      #.........   100%        5    ######.
 Iskenderun's Battlesphe  Conj/Chrm      #.......     100%        5    ######.
 Lee's Rapid Deconstruct  Erth           #.........   100%        5    ######.
 Lightning Bolt           Conj/Air       #.........   100%        5    ######.
 Metabolic Englaciation   Hex/Ice        #.........   100%        5    ######.
 Silence                  Hex/Air        #.........   100%        5    ######.
 Venom Bolt               Conj/Pois      #.........   100%        5    ######.
 Yara's Violent Unravell  Hex/Tmut       #.........   100%        5    ######.
 Bolt of Fire             Conj/Fire      #.........   100%        6    #######
 Darkness                 Hex            #.........   100%        6    #######
 Death Channel            Necr           #.........   100%        6    #######
 Deflect Missiles         Chrm/Air       #.........   100%        6    #######
 Hydra Form               Tmut           #.........   100%        6    #######
 Invisibility             Hex            #.......     100%        6    #######
 Iron Shot                Conj/Erth      #.........   100%        6    #######
 Poison Arrow             Conj/Pois      #.........   100%        6    #######
 Simulacrum               Ice/Necr       #.........   100%        6    #######
 Statue Form              Tmut/Erth      #........    100%        6    #######
 Dragon Form              Tmut           #.........   100%        7    #######
 Haunt                    Necr/Summ      #.........   100%        7    #######
 Orb of Destruction       Conj           #.........   100%        7    #######
 Ring of Flames           Chrm/Fire      #.........   100%        7    #######
 Spellforged Servitor     Conj/Summ      #.........   100%        7    #######
 Borgnjor's Revivificati  Necr           #.........   100%        8    #######
 Chain Lightning          Conj/Air       #.........   100%        8    #######
 Death's Door             Chrm/Necr      #.........   100%        8    #######
 Discord                  Hex            #.........   100%        8    #######
 Ignition                 Fire           #.........   100%        8    #######
 Infestation              Necr           #.........   100%        8    #######
 Lehudib's Crystal Spear  Conj/Erth      #.........   100%        8    #######
 Necromutation            Tmut/Necr      #.........   100%        8    #######
 Dragon's Call            Summ           #.........   100%        9    #######
 Fire Storm               Conj/Fire      #.........   100%        9    #######
 Glaciate                 Conj/Ice       #.........   100%        9    #######
 Shatter                  Erth           #.........   100%        9    #######
 Tornado                  Air            #.........   100%        9    #######


Dungeon Overview and Level Annotations

Branches:
Dungeon (15/15)            Temple (1/1) D:5            Lair (6/6) D:11
  Swamp (4/4) Lair:4       Spider (4/4) Lair:4        Slime (5/5) Lair:6
    Orc (2/2) D:11            Elf (3/3) Orc:2        Vaults (5/5) D:14
  Crypt (3/3) Vaults:3       Tomb (0/3) Crypt:3      Depths (5/5) D:15
    Zot (5/5) Depths:5

Altars:
Ashenzari
Cheibriados
Dithmenos
Elyvilon
Fedhas
Gozag
Hepliaklqana
Kikubaaqudgha
Makhleb
Nemelex Xobeh
Okawaru
Qazlal
Ru
Sif Muna
Trog
Uskayaw
Vehumet
Wu Jian
Xom
Yredelemnul
Zin
The Shining One
Beogh
Jiyva

Shops:
D:6 =   D:8 *   D:12 *   D:13 =   Orc:2 *!!([   Elf:1 *==}   Elf:2 [   Elf:3 ?
Vaults:3 ?   Depths:5 %

Portals:
Hell: Depths:1 Depths:2 Depths:3 Depths:4 Depths:5
Abyss: Depths:4
Pandemonium: Depths:3
Ziggurat: Depths:1

Annotations:
Zot:5 1 exclusion
Pan Gloorx Vloq


Innate Abilities, Weirdness & Mutations

You reflexively headbutt those who attack you in melee.
You have a pair of horns on your head.
You are partially covered in yellow scales. (AC +2)
You are clumsy. (Dex -2)
You are frail. (-10% HP)
Your spells are a little harder to cast, but a little more powerful.
You evolve.
You expend magic power (3 MP) to strengthen your wands.


Message History

You resist with almost no effort.
The Executioner hits you but does no damage. x2
You block the Executioner's attack.
Unknown command.
Unknown command.
Unknown command.
You feel better.
You are engulfed in dark miasma.
You feel your flesh rotting away!
* * * LOW HITPOINT WARNING * * *
The Executioner gestures at you. Pain shoots through your body!
* * * LOW HITPOINT WARNING * * *
You block the Executioner's attack. x2
The Executioner hits you but does no damage.
You block the Executioner's attack. x2; The Executioner hits you.
* * * LOW HITPOINT WARNING * * *
Gloorx Vloq gestures at you.
The foul vapour engulfs you but does no damage.
The Executioner hits you!
You die...

#######'''######
##...............
#..#.#.#.#.#.#M#.
##..............
##..#.#.#.#.#..
##........[..
#.°°#.#.#...#
##°°2......##
#@1..#....#
#&1°......#
##.°.....##
....... ..s....
.(..... #.....#
.....#


You could see Gloorx Vloq, 2 Executioners, a demonic crawler and a friendly
balrug.

Vanquished Creatures
  the Royal Jelly (Slime:5)
  Mara (Vaults:4)
  3 orbs of fire (Zot:5)
  Mennas (Depths:5)
  A juggernaut (Depths:3)
  7 ancient liches
  Boris (Vaults:3)
  4 Killer Klowns
  Bai Suzhen (Crypt:1)
  Sojobo (Crypt:2)
  Xtahua (Depths:4)
  Margery (Crypt:1)
  6 curse toes
  2 caustic shrikes (Depths:3)
  11 golden dragons
  Jory (Depths:4)
  the Enchantress (Depths:1)
  4 bone dragons
  Arachne (Spider:2)
  2 electric golems (Zot:5)
  28 tentacled monstrosities
  A Tzitzimitl (Pan)
  Jorgrun (Elf:2)
  2 Hell Sentinels (Pan)
  An Ice Fiend (Pan)
  9 liches
  25 Orb Guardians (Zot:5)
  6 quicksilver dragons
  5 titans
  A deep elf master archer (Elf:3)
  Gastronok (Lair:3)
  14 acid blobs
  2 deep elf blademasters (Elf:2)
  8 sphinxes
  5 ancient champions (Crypt:2)
  3 tentacled starspawn
  7 Executioners
  The ghost of Dypiresa the Severer, an adept MiFi of Okawaru (Vaults:1)
  A thorn hunter (Swamp:4)
  14 death cobs
  18 shadow dragons
  5 tengu reavers
  8 azure jellies
  12 storm dragons
  5 draconian monks
  4 revenants
  13 vault wardens
  6 fire giants
  3 blood saints (Pan)
  5 draconian knights
  7 deep elf sorcerers
  5 emperor scorpions
  3 orc warlords
  3 draconian scorchers
  3 iron dragons (Vaults:5)
  5 deep elf elementalists
  2 warmongers (Pan)
  11 frost giants
  3 balrugs
  3 cacodemons (Zot:3)
  7 curse skulls
  6 ghost moths
  4 spriggan defenders
  4 draconian stormcallers
  3 angels
  3 war gargoyles
  4 draconian shifters
  19 ironheart preservers
  33 very ugly things
  7 ghouls
  4 entropy weavers
  2 reapers
  3 draconian annihilators
  10 stone giants
  22 vampire knights
  5 green draconians
  9 black draconians
  2 lorocyprocas
  Azrael (Orc:2)
  Nessos (D:12)
  2 black suns (Pan)
  5 white draconians
  11 red draconians
  8 purple draconians
  A minotaur (Gauntlet)
  11 eidola
  14 deep elf annihilators
  5 deep elf demonologists
  8 spark wasps
  11 yellow draconians
  3 green deaths
  17 ettins
  3 crystal guardians
  4 death oozes
  11 deep elf death magi
  3 ragged hierophants (Desolation)
  25 jiangshi
  10 deep elf high priests
  17 yaktaur captains
  19 fire dragons
  A great orb of eyes (shapeshifter) (Abyss:4)
  Erolcha (D:11)
  3 rakshasas
  23 hydras
  17 ogre magi
  A naga warrior (Abyss:3)
  Harold (D:9)
  13 great orbs of eyes
  5 spriggan air magi
  7 peacekeepers (Desolation)
  A servant of whispers (Desolation)
  16 centaur warriors
  2 monstrous demonspawn (Pan)
  4 shambling mangroves
  37 vault guards
  46 two-headed ogres
  6 ice dragons
  An anaconda (Lair:6)
  A catoblepas (Gauntlet)
  An alligator (shapeshifter) (Vaults:4)
  10 death knights
  29 dancing weapons
  A ghost crab (Swamp:3)
  16 alligators
  4 tengu warriors
  9 deep troll shamans
  6 death yaks (Lair:6)
  4 orc high priests
  8 sun demons
  10 vampire magi
  13 thrashing horrors
  A shock serpent (shapeshifter) (Vaults:5)
  12 deep troll earth magi
  Sonja (Lair:6)
  5 spriggan berserkers
  18 deep elf knights
  Urug (Lair:1)
  3 storm dragon zombies (Crypt:3)
  7 soul eaters
  7 shadow wraiths
  A titan skeleton (Vaults:4)
  12 hell knights
  3 sixfirhies
  11 wretched stars
  3 iron trolls (Depths:4)
  3 torturous demonspawn
  2 golden dragon zombies (Crypt:3)
  4 spriggan druids
  14 unseen horrors
  An anaconda zombie (Crypt:3)
  A gelid demonspawn (Pan)
  A ghost moth zombie (Crypt:3)
  27 skeletal warriors
  13 flayed ghosts
  2 shadow demons (Pan)
  A quicksilver dragon simulacrum (Abyss:2)
  42 deep trolls
  10 glowing orange brains
  A shadow dragon zombie (Crypt:3)
  A golden dragon skeleton (Crypt:2)
  9 deep elf archers
  11 ironbrand convokers
  An infernal demonspawn (Depths:3)
  An entropy weaver zombie (Crypt:2)
  16 orc knights
  15 wizards
  2 harpies (shapeshifter) (Vaults:4)
  4 orange crystal statues (Orc:2)
  20 harpies
  An anaconda skeleton (Crypt:2)
  10 swamp dragons
  A wolf spider zombie (Crypt:2)
  Pikel (D:4)
  12 necromancers
  A glowing shapeshifter (Depths:4)
  8 orc sorcerers
  17 phantasmal warriors
  17 orb spiders
  An orb spider (shapeshifter) (Abyss:2)
  33 wolf spiders
  A manticore (shapeshifter) (Abyss:2)
  12 oklob plants
  3 iron dragon zombies
  11 shining eyes
  A stone giant zombie (Crypt:3)
  62 deep elf magi
  3 fire giant zombies
  40 ugly things
  An elephant (shapeshifter) (Vaults:5)
  9 manticores
  5 worldbinders (Abyss:2)
  A shock serpent zombie (Crypt:2)
  A salamander (Depths:4)
  5 cyclopes
  11 elephants
  24 moths of wrath
  10 vault sentinels
  A rust devil (Depths:3)
  2 fire giant skeletons
  2 guardian serpents
  2 centaur zombies (D:15)
  An apocalypse crab (Abyss:2)
  A guardian serpent (shapeshifter) (Abyss:4)
  2 eyes of devastation
  A titan simulacrum (Crypt:3)
  3 stone giant skeletons
  7 smoke demons
  A black mamba (Lair:2)
  A black mamba (shapeshifter) (Abyss:2)
  3 molten gargoyles
  A torpor snail (Lair:6)
  3 orange demons
  2 gargoyles
  A water nymph (shapeshifter) (Vaults:2)
  3 centaur skeletons
  12 spiny frogs
  5 komodo dragons
  A kobold demonologist (D:13)
  An ice devil (Pan)
  A dire elephant skeleton (Crypt:1)
  A rime drake (shapeshifter) (Depths:1)
  14 rime drakes
  A yaktaur (shapeshifter) (Vaults:3)
  67 yaktaurs
  A tormentor (Abyss:2)
  2 golden dragon simulacra
  A hellwing (Abyss:3)
  23 freezing wraiths
  20 demonic crawlers
  A red draconian skeleton (Crypt:3)
  8 ancient zymes
  3 human skeletons
  2 tengu conjurers
  2 trolls
  A jumping spider (shapeshifter) (Vaults:5)
  A merfolk (shapeshifter) (Depths:5)
  A meliai (shapeshifter) (Depths:4)
  A harpy zombie (Crypt:3)
  42 jumping spiders
  A queen bee (Gauntlet)
  6 meliai
  8 tyrant leeches
  A hydra skeleton (Crypt:3)
  9 polar bears (Lair:6)
  Prince Ribbit (D:8)
  2 hornets (shapeshifter)
  Grinder (D:4)
  5 bog bodies
  24 hornets
  4 ice dragon zombies
  A jumping spider zombie (Crypt:2)
  A fire giant simulacrum (Vaults:5)
  32 saltlings
  12 blink frogs
  129 slime creatures
  A tarantella zombie (Crypt:1)
  10 hippogriffs
  An alligator zombie (Crypt:2)
  3 ettin zombies
  12 raiju
  A hippogriff (shapeshifter) (Depths:1)
  A black mamba zombie (Crypt:3)
  6 flying skulls (Abyss:4)
  2 air elementals
  A snapping turtle (shapeshifter) (Vaults:5)
  5 shadows
  62 redbacks
  9 spriggans
  6 yaks (Lair:2)
  A spriggan (shapeshifter) (Elf:2)
  An ice dragon skeleton (Crypt:2)
  6 fire elementals
  22 vampires
  7 ynoxinuls
  A tarantella (shapeshifter) (Depths:1)
  5 water elementals
  15 wraiths
  4 wyverns
  37 tarantellas
  A hog (shapeshifter) (Depths:1)
  19 humans
  Eustachio (D:6)
  4 basilisks
  4 hogs (D:8)
  A basilisk (shapeshifter) (Depths:4)
  4 golden eyes
  20 vampire mosquitoes
  2 human simulacra (Vaults:1)
  5 hungry ghosts
  7 steam dragons
  6 neqoxecs
  8 chaos spawn
  29 large abominations
  Menkaure (D:5)
  Edmund (D:4)
  2 nagas (Abyss:3)
  10 wargs
  12 insubstantial wisps
  A water nymph zombie (Crypt:1)
  2 soldier ants (D:12)
  A swamp worm (shapeshifter) (Crypt:3)
  17 swamp worms
  3 acid dragons
  Duvessa (D:4)
  22 hell hounds
  6 porcupines
  16 water moccasins
  An ice beast (D:11)
  56 orc warriors
  8 eyes of draining
  25 small abominations
  3 phantoms
  19 swamp drakes
  6 sky beasts
  12 black bears
  2 black bears (shapeshifter)
  2 necrophages
  50 ogres
  13 wolves (Lair:6)
  An elf skeleton (Vaults:1)
  10 boggarts
  A snapping turtle skeleton (Crypt:2)
  21 centaurs
  A lindwurm skeleton (Crypt:1)
  A swamp dragon skeleton (Crypt:1)
  2 big kobolds
  6 crocodiles
  2 elf zombies
  An octopode zombie (Crypt:3)
  A yaktaur skeleton (Crypt:3)
  23 bullfrogs
  5 earth elementals
  Dowan (D:4)
  4 scorpions
  A spriggan zombie (Crypt:2)
  A wyvern skeleton (D:10)
  A raiju zombie (Crypt:3)
  20 killer bees
  4 wights
  7 howler monkeys
  6 electric eels
  8 crimson imps
  4 hounds
  8 quasits
  28 starcursed masses
  2 bullfrog zombies
  5 jellies
  A gnoll shaman (D:5)
  20 orc priests
  4 bullfrog skeletons
  4 iron imps
  Crazy Yiuf (D:3)
  26 orc wizards
  Ijyb (D:5)
  Terence (D:3)
  9 iguanas
  Natasha (twice) (D:4)
  A hell rat (Crypt:3)
  13 worker ants
  A killer bee zombie (D:10)
  A sky beast zombie (Crypt:1)
  A naga skeleton (Crypt:1)
  A hound zombie (D:5)
  3 hound skeletons
  13 mummies (Ossuary)
  A worker ant zombie (D:9)
  A howler monkey skeleton (D:8)
  4 adders
  A scorpion zombie (Crypt:3)
  5 gnolls
  A steam dragon zombie (Crypt:3)
  8 shadow imps
  A steam dragon skeleton (Crypt:3)
  14 white imps
  3 ufetubi
  An ooze (D:2)
  A worm zombie (Crypt:2)
  4 adder skeletons
  4 worms
  3 dart slugs
  4 leopard geckos
  132 orcs
  14 bats
  A bat zombie (Crypt:3)
  15 giant cockroaches
  9 goblins
  5 hobgoblins
  11 jackals
  A quokka (D:8)
  3 ball pythons (D:2)
  8 frilled lizards
  A frilled lizard skeleton (Crypt:1)
  2 giant cockroach zombies
  3 gnoll skeletons (Ossuary)
  A hobgoblin zombie (Crypt:2)
  16 kobolds
  4 kobold skeletons (Ossuary)
  A leopard gecko zombie (D:5)
  An orc skeleton (Ossuary)
  8 rats
  11 rat skeletons (Ossuary)
  2 crawling corpses (Vaults:5)
  2 lurking horrors
  A starspawn tentacle (Abyss:3)
3227 creatures vanquished.

Vanquished Creatures (collateral kills)
  An ancient lich (Zot:5)
  2 orbs of fire (Zot:5)
  A tentacled monstrosity (Vaults:5)
  A quicksilver dragon (Vaults:5)
  Frances (D:14)
  A fire giant (Vaults:5)
  An orc warlord (Depths:1)
  A curse skull (Crypt:3)
  A stone giant (Vaults:5)
  A green draconian (Zot:5)
  A fire dragon (Lair:6)
  A great orb of eyes (Depths:5)
  A yaktaur captain (Vaults:5)
  4 hydras
  An ice dragon (Depths:1)
  A spriggan air mage (Depths:1)
  An alligator (Swamp:1)
  A deep troll earth mage (Depths:1)
  A soul eater (Crypt:3)
  An unseen horror (Crypt:3)
  An ironbrand convoker (Vaults:3)
  An ugly thing (Depths:1)
  A deep elf mage (Elf:1)
  A harpy (Vaults:3)
  An orc knight (Vaults:5)
  An elephant (Lair:6)
  A spiny frog (Swamp:2)
  A centaur skeleton (D:14)
  A rime drake (Lair:4)
  A yaktaur (Vaults:3)
  A jumping spider (Vaults:1)
  A hornet (Spider:4)
  A tyrant leech (Swamp:1)
  A slime creature (Swamp:1)
  A shadow (Crypt:1)
  A wyvern (Lair:6)
  2 redbacks (Spider:1)
  A tarantella (Spider:1)
  A steam dragon (Lair:4)
  2 vampire mosquitoes (Crypt:3)
  3 swamp worms (Swamp:2)
  An insubstantial wisp (Lair:4)
  A water moccasin (Lair:4)
  A black bear (Lair:6)
  An ogre (Vaults:5)
  A crocodile (Lair:3)
  A bullfrog (Lair:2)
  3 orcs
  A plant (Lair:6)
59 creatures vanquished.

Vanquished Creatures (others)
  Asterion (Elf:1)
  A fire giant (Vaults:3)
  A yaktaur captain (Vaults:3)
  An alligator (Swamp:4)
  A moth of wrath (Zot:5)
  A large abomination (Abyss:2)
  A komodo dragon (Lair:4)
  A steam dragon (Lair:4)
  A centaur (Vaults:4)
  A gnoll (D:5)
  An orc (Vaults:5)
  2 briar patches (Swamp:4)
  A demonic plant (Gauntlet)
  2 fungi
  A lurking horror (Abyss:4)
  15 plants
  7 starspawn tentacles
39 creatures vanquished.

Grand Total: 3325 creatures vanquished

Notes
Turn   | Place    | Note
-------+----------+-------------------------------------------
     0 | D:1      | pkoi the Minotaur Fighter began the quest for the Orb.
     0 | D:1      | Reached XP level 1. HP: 19/19 MP: 0/0
   136 | D:1      | Reached XP level 2. HP: 23/26 MP: 1/1
   519 | D:1      | Reached XP level 3. HP: 31/31 MP: 2/2
  1035 | D:2      | Noticed a sky beast
  1041 | D:2      | Killed a sky beast
  1041 | D:2      | Reached XP level 4. HP: 38/39 MP: 3/3
  1082 | D:2      | Reached XP level 5. HP: 43/45 MP: 4/4
  1294 | D:2      | Found a radiant altar of Vehumet.
  2376 | D:3      | Noticed Terence
  2384 | D:3      | Killed Terence
  2504 | D:3      | Reached XP level 6. HP: 50/51 MP: 5/5
  2702 | D:3      | Found a runed translucent door.
  2703 | D:3      | Noticed Crazy Yiuf
  2711 | D:3      | Killed Crazy Yiuf
  2846 | D:4      | Found a hide-covered altar of Uskayaw.
  2881 | D:4      | Noticed a hippogriff
  2935 | D:3      | Reached XP level 7. HP: 32/57 MP: 4/6
  3068 | D:4      | Killed a hippogriff
  3068 | D:4      | Reached skill level 10 in Long Blades
  3121 | D:4      | Noticed Dowan
  3122 | D:4      | Noticed Duvessa
  3134 | D:4      | Killed Duvessa
  3141 | D:4      | Killed Dowan
  3145 | D:4      | Reached XP level 8. HP: 56/64 MP: 5/7
  3363 | D:4      | Noticed Grinder
  3364 | D:4      | Paralysed by Grinder for 5 turns
  3373 | D:4      | Paralysed by Grinder for 2 turns
  3382 | D:4      | Killed Grinder
  3382 | D:4      | Reached skill level 1 in Throwing
  3382 | D:4      | Reached skill level 1 in Dodging
  3382 | D:4      | Reached skill level 4 in Shields
  3386 | D:4      | Found a sand-covered staircase.
  3391 | Ossuary  | Entered an ossuary
  3870 | D:4      | Noticed Natasha
  3871 | D:4      | Noticed Edmund
  3875 | D:4      | Killed Natasha
  3885 | D:4      | Killed Edmund
  3903 | D:4      | Noticed Natasha
  3916 | D:4      | Killed Natasha
  3996 | D:5      | Entered Level 5 of the Dungeon
  4007 | D:5      | Noticed Pikel
  4027 | D:4      | Killed Pikel
  4027 | D:4      | Reached skill level 5 in Fighting
  4027 | D:4      | Reached skill level 5 in Armour
  4027 | D:4      | Reached skill level 5 in Shields
  4027 | D:4      | Reached XP level 9. HP: 69/74 MP: 8/8
  4049 | D:5      | Found a staircase to the Ecumenical Temple.
  4063 | Temple   | Entered the Ecumenical Temple
  4127 | Temple   | Became a worshipper of Makhleb the Destroyer
  4213 | D:5      | Noticed Ijyb
  4223 | D:5      | Killed Ijyb
  4282 | D:5      | Found a glowing golden altar of the Shining One.
  4342 | D:5      | Reached skill level 1 in Invocations
  4455 | D:5      | Noticed Menkaure
  4462 | D:5      | Killed Menkaure
  4784 | D:6      | Found Patucs's Jewellery Boutique.
  4788 | D:6      | Bought a cursed ring of teleportation for 49 gold pieces
  4872 | D:6      | You fall into a shaft and drop 1 floor!
  4877 | D:7      | Found a shadowy altar of Dithmenos.
  5022 | D:6      | Noticed Eustachio
  5042 | D:6      | Killed Eustachio
  5420 | D:6      | Found an iron altar of Okawaru.
  5535 | D:7      | Found a hazy altar of Hepliaklqana.
  5545 | D:7      | Reached * piety under Makhleb
  5552 | D:7      | Reached skill level 6 in Shields
  6244 | D:8      | Reached XP level 10. HP: 81/84 MP: 8/11
  6330 | D:8      | Noticed Prince Ribbit
  6726 | D:8      | Found Tikuaj's Assorted Antiques.
  6772 | D:8      | Killed Prince Ribbit
  6772 | D:8      | Reached skill level 5 in Dodging
  6808 | D:8      | Found a white marble altar of Elyvilon.
  7044 | D:8      | Got a brightly glowing ruby amulet
  7048 | D:8      | Identified the amulet "Lyasheax" {Spirit +Blink Str+3} (You
                  | found it on level 8 of the Dungeon)
  7267 | D:9      | Reached skill level 7 in Shields
  7315 | D:9      | Reached ** piety under Makhleb
  7546 | D:9      | Reached skill level 1 in Evocations
  7711 | D:9      | Noticed Harold
  7729 | D:9      | Killed Harold
  7931 | D:10     | Entered Level 10 of the Dungeon
  8386 | D:10     | Noticed a two-headed ogre
  8390 | D:10     | Killed a two-headed ogre
  8390 | D:10     | Reached XP level 11. HP: 94/94 MP: 13/13
  8473 | D:10     | Killed an unseen horror
  8473 | D:10     | Reached skill level 8 in Shields
  8855 | D:11     | Identified a scroll of acquirement
  8856 | D:11     | Got a shimmering hunting sling
  8866 | D:11     | Reached *** piety under Makhleb
  9012 | D:11     | Noticed Erolcha
  9021 | D:11     | Killed Erolcha
  9021 | D:11     | Reached skill level 5 in Invocations
  9088 | D:11     | Noticed a vault guard
  9097 | D:11     | Killed a vault guard
  9102 | D:11     | Found a portal to a secret trove of treasure.
  9449 | D:11     | Noticed a cyan ugly thing
  9463 | D:11     | Killed a cyan ugly thing
  9798 | D:11     | Found a staircase to the Orcish Mines.
  9853 | D:11     | Found a staircase to the Lair.
 10061 | D:6      | Bought the ring of Anarchy {rElec rPois Int+2 Slay+5 SInv}
                  | for 559 gold pieces
 10211 | D:12     | Noticed an eight-headed hydra
 10220 | D:12     | Killed a nine-headed hydra
 10246 | D:12     | Found Mideusui's Assorted Antiques.
 10322 | D:12     | Noticed a white ugly thing
 10334 | D:12     | Killed a white ugly thing
 10377 | D:12     | Noticed Nessos
 10387 | D:12     | Killed Nessos
 10504 | D:12     | Reached skill level 9 in Shields
 10630 | D:12     | Noticed a death knight
 10630 | D:12     | Noticed a phantasmal warrior
 10642 | D:12     | Killed a phantasmal warrior
 10642 | D:12     | Reached XP level 12. HP: 80/104 MP: 10/15
 10897 | Lair:1   | Entered Level 1 of the Lair of Beasts
 11182 | Lair:1   | Reached **** piety under Makhleb
 11213 | Lair:1   | Noticed a seven-headed hydra
 11223 | Lair:1   | Killed an 11-headed hydra
 11223 | Lair:1   | Noticed Urug
 11238 | Lair:1   | Killed Urug
 12469 | Lair:3   | Found a frozen archway.
 12469 | Lair:3   | You fall into a shaft and drop 3 floors!
 12469 | Lair:6   | Entered Level 6 of the Lair of Beasts
 12469 | Lair:6   | Noticed Sonja
 12502 | Lair:6   | Killed Sonja
 12504 | Lair:6   | Reached skill level 5 in Evocations
 12646 | Lair:6   | Reached skill level 10 in Armour
 12681 | Lair:5   | Reached skill level 10 in Shields
 12740 | Lair:4   | Noticed a fire dragon
 12757 | Lair:4   | Reached skill level 10 in Fighting
 13432 | Lair:4   | Killed a fire dragon
 13432 | Lair:4   | Reached XP level 13. HP: 113/113 MP: 17/17
 13599 | Lair:3   | Noticed Gastronok
 13612 | Lair:3   | Killed Gastronok
 14314 | Lair:4   | Found a hole to the Spider Nest.
 14569 | Lair:4   | Found a staircase to the Swamp.
 15710 | Lair:6   | Reached skill level 11 in Shields
 15831 | Lair:6   | Reached ***** piety under Makhleb
 15936 | Lair:6   | Reached XP level 14. HP: 124/124 MP: 19/19
 16403 | Lair:6   | Reached skill level 10 in Dodging
 17000 | Lair:6   | Found a staircase to the Slime Pits.
 17232 | Orc:1    | Entered Level 1 of the Orcish Mines
 17232 | Orc:1    | Found a burning altar of Makhleb.
 17441 | Orc:2    | Entered Level 2 of the Orcish Mines
 17468 | Orc:2    | Noticed Azrael
 17651 | Orc:2    | Killed Azrael
 17716 | Orc:2    | Found a roughly hewn altar of Beogh.
 17737 | Orc:2    | Found a staircase to the Elven Halls.
 17758 | Orc:2    | Found Laowkoyxt's Assorted Antiques.
 17788 | Orc:2    | Bought a scroll labeled YTOVVI MAI for 37 gold pieces
 17817 | Orc:2    | Reached skill level 15 in Long Blades
 17839 | Orc:2    | Found a roughly hewn altar of Beogh.
 17868 | Orc:2    | Found a runed translucent door.
 17870 | Orc:2    | Found the +10 large shield of Ignorance {rN+ Int-4}
 17883 | Orc:2    | Reached ****** piety under Makhleb
 17997 | Orc:2    | Noticed an orc warlord
 18004 | Orc:2    | Found a runed translucent door.
 18037 | Orc:2    | Killed an orc warlord
 18314 | Orc:2    | Noticed an orc warlord
 18402 | Orc:2    | Killed an orc warlord
 18402 | Orc:2    | Reached skill level 12 in Shields
 18403 | Orc:2    | Found Sotoitta's Antique Armour Emporium.
 18536 | Orc:2    | Found Kebafev's Antique Weapon Shoppe.
 18537 | Orc:2    | Found a roughly hewn altar of Beogh.
 18545 | Orc:2    | Bought an ancient chain mail for 171 gold pieces
 18545 | Orc:2    | Bought a smoking scale mail for 162 gold pieces
 18545 | Orc:2    | Identified the +8 chain mail of the Vanishing Deaths
                  | {Regen+ Dex+4 Stlth-} (You bought it in a shop on level 2
                  | of the Orcish Mines)
 18546 | Orc:2    | Identified the +6 scale mail of Pynnuc {Str+3 Int+7} (You
                  | bought it in a shop on level 2 of the Orcish Mines)
 18664 | Orc:2    | Found a roughly hewn altar of Beogh.
 18673 | Orc:2    | Found Xemmafihyw's Distillery.
 18688 | Orc:2    | Bought a potion of magic for 104 gold pieces
 18753 | Orc:2    | Found a roughly hewn altar of Beogh.
 18770 | Orc:2    | Found Bexzug's Distillery.
 18821 | Orc:2    | Found a roughly hewn altar of Beogh.
 20127 | D:13     | Found Kiuseuzo's Jewellery Shop.
 20136 | D:13     | Bought a cursed ring of attention for 63 gold pieces
 20395 | D:13     | Reached XP level 15. HP: 133/133 MP: 21/21
 21102 | D:14     | Found a gate leading to a gauntlet.
 21155 | Gauntlet | Entered a Gauntlet
 21155 | Gauntlet | Found a transporter.
 21155 | Gauntlet | Found a runed translucent door.
 21156 | Gauntlet | Found a runed translucent door.
 21160 | Gauntlet | Found a transporter.
 21162 | Gauntlet | Found a transporter.
 21171 | Gauntlet | Found a transporter.
 21173 | Gauntlet | Found a transporter.
 21183 | Gauntlet | Found a transporter.
 21199 | Gauntlet | Found a transporter.
 21209 | Gauntlet | Found a transporter.
 21217 | Gauntlet | Found a runed translucent gate.
 21217 | Gauntlet | Found a runed translucent gate.
 21218 | Gauntlet | Found a runed translucent gate.
 21219 | Gauntlet | Found a transporter.
 21235 | Gauntlet | Found a transporter.
 21249 | Gauntlet | Found a transporter.
 21250 | Gauntlet | Found a transporter.
 21297 | Gauntlet | Found a transporter.
 21311 | Gauntlet | Found a transporter.
 21697 | Gauntlet | Got an ichor-stained ring mail
 21700 | Gauntlet | Got a warped trident
 21747 | D:14     | Identified the +5 ring mail "Levuytom" {rC+++ Regen+ Str-3
                  | Stlth+} (You found it in a Gauntlet)
 21786 | D:14     | Reached skill level 10 in Invocations
 21998 | D:14     | Found a gate to the Vaults.
 22067 | D:14     | Reached skill level 13 in Shields
 22623 | D:14     | Noticed Frances
 22634 | D:14     | Killed Frances
 22952 | D:15     | Entered Level 15 of the Dungeon
 23656 | D:15     | Found a staircase to the Depths.
 23656 | D:15     | Noticed a frost giant
 23674 | D:15     | Killed a frost giant
 23961 | Orc:2    | Lost intelligence.
 23968 | Orc:2    | Reached XP level 16. HP: 89/144 MP: 0/22
 24231 | Swamp:1  | Entered Level 1 of the Swamp
 24454 | Swamp:1  | Found a burning altar of Makhleb.
 26112 | Swamp:3  | Reached skill level 14 in Shields
 26131 | Swamp:3  | Learned a level 1 spell: Apportation
 27204 | Spider:1 | Entered Level 1 of the Spider Nest
 28761 | Spider:2 | Noticed Arachne
 28771 | Spider:2 | Killed Arachne
 28905 | Spider:2 | Reached XP level 17. HP: 152/152 MP: 24/24
 29695 | Spider:3 | Got an ancient leather armour
 29696 | Spider:3 | Identified the cursed +0 leather armour of Pandemonium
                  | {Regen+ rCorr} (You found it on level 3 of the Spider Nest)
 30512 | Spider:4 | Entered Level 4 of the Spider Nest
 30554 | Spider:3 | Reached skill level 5 in Throwing
 30986 | Spider:4 | Got a slimy scale mail
 30987 | Spider:4 | Identified the +5 scale mail "Ehuhuytu" {rC- Dex+5} (You
                  | found it on level 4 of the Spider Nest)
 31639 | Spider:4 | Reached skill level 15 in Armour
 32087 | Spider:4 | Reached skill level 15 in Fighting
 32103 | Spider:4 | Reached skill level 15 in Shields
 32250 | Spider:4 | Got a gossamer rune of Zot
 32491 | Swamp:4  | Entered Level 4 of the Swamp
 32684 | Swamp:4  | Reached XP level 18. HP: 163/163 MP: 26/26
 32991 | Swamp:3  | Reached skill level 1 in Translocations
 32997 | Swamp:3  | Reached skill level 1 in Spellcasting
 33537 | Swamp:4  | Got a decaying rune of Zot
 33815 | D:12     | Bought a scroll labeled SOHATHRE KITWAT for 20 gold pieces
 33815 | D:12     | Bought a scroll of teleportation for 60 gold pieces
 33815 | D:12     | Bought a glowing scarf for 160 gold pieces
 33943 | D:11     | You paid a toll of 15 scrolls of teleportation to enter a
                  | treasure trove
 33944 | Trove    | Entered a treasure trove
 33950 | Trove    | Found the +3 hat of Pondering {ponderous, MR+ MP+10 Int+5}
 33957 | Trove    | Got a bound tin ring
 33963 | Trove    | Got a spiked cloak
 33968 | Trove    | Got an ancient silver ring
 33990 | Trove    | Identified the +0 cloak of the Original Sin {rN+ Str+2}
                  | (You found it in a treasure trove)
 33991 | Trove    | Identified the ring "Rottun" {rPois rF- rN+ Str+7 Stlth+}
                  | (You found it in a treasure trove)
 33992 | Trove    | Identified the ring of Lurgh {rC+ Int+3 Dex+2} (You found
                  | it in a treasure trove)
 34190 | Depths:1 | Entered Level 1 of the Depths
 34306 | Depths:1 | Found a runed translucent door.
 34920 | Depths:1 | Noticed a tentacled monstrosity
 34944 | Depths:1 | Killed a tentacled monstrosity
 35195 | Depths:1 | Found a gateway to Hell.
 35333 | Depths:1 | Noticed a lich
 35340 | D:15     | Killed a lich
 35340 | D:15     | Reached XP level 19. HP: 121/172 MP: 16/27
 35547 | Depths:1 | Got a jade-encrusted leather armour
 35548 | Depths:1 | Identified the cursed +1 leather armour of Wisokos {rElec
                  | Dex+5 Stlth+} (You found it on level 1 of the Depths)
 35850 | Depths:1 | Found a gateway to a ziggurat.
 36022 | Depths:2 | Noticed the Enchantress
 36042 | Depths:1 | Cast into level 2 of the Abyss (the Enchantress)
 36719 | Abyss:2  | Reached skill level 16 in Shields
 36810 | Abyss:2  | Got a transparent tin amulet
 36811 | Abyss:2  | Identified the amulet "Imugurch" {Acrobat rElec Str-4
                  | Dex+7} (You found it on level 2 of the Abyss)
 36823 | Abyss:2  | Found a corrupted altar of Lugonu.
 36949 | Depths:1 | Escaped the Abyss
 36957 | Depths:1 | Killed the Enchantress
 37465 | Elf:1    | Entered Level 1 of the Elven Halls
 37483 | Elf:1    | Found a glowing silver altar of Zin.
 37483 | Elf:1    | Found a white marble altar of Elyvilon.
 37484 | Elf:1    | Found a ruined gateway.
 37485 | Elf:1    | Found a glowing golden altar of the Shining One.
 37586 | Desolati | Entered the Desolation of Salt
 38303 | Elf:1    | Noticed Asterion
 38311 | Elf:1    | Gained mutation: Your magical capacity is low. (-10% MP) [a
                  | neqoxec]
 38313 | Elf:1    | Gained mutation: You occasionally shout uncontrollably at
                  | your foes. [a neqoxec]
 38314 | Elf:1    | Killed Asterion
 38318 | Elf:1    | Gained mutation: You are weak. (Str -2) [a neqoxec]
 38322 | Elf:1    | Found Keihonug's Assorted Antiques.
 38505 | Elf:1    | Bought a steaming cloak for 342 gold pieces
 38505 | Elf:1    | Identified the cursed +0 cloak of the Voivode {rN+ SInv}
                  | (You bought it in a shop on level 1 of the Elven Halls)
 38530 | Elf:1    | Found Hoth's Jewellery Shoppe.
 38532 | Elf:1    | Found Yjeotit's Gadget Shop.
 38533 | Elf:1    | Found Rusagak's Jewellery Shoppe.
 39259 | Elf:2    | Reached skill level 15 in Dodging
 39262 | Elf:2    | Cast into level 2 of the Abyss (a deep elf demonologist)
 39262 | Abyss:2  | Found a corrupted altar of Lugonu.
 39267 | Abyss:2  | Found a corrupted altar of Lugonu.
 39323 | Abyss:2  | Reached XP level 20. HP: 182/182 MP: 20/20
 39338 | Abyss:2  | Found a corrupted altar of Lugonu.
 39342 | Abyss:2  | Found a transporter.
 39355 | Abyss:2  | Paralysed by accursed screaming for 2 turns
 39383 | Abyss:2  | Found a corrupted altar of Lugonu.
 39395 | Abyss:2  | Got a wavering copper ring
 39396 | Abyss:2  | Identified the Tome of Feathery Poisoning
 39398 | Abyss:2  | Identified the ring "Qanoypt" {+Blink +Fly} (You found it
                  | on level 2 of the Abyss)
 39402 | Abyss:2  | Found a transporter.
 39568 | Abyss:2  | Found a transporter.
 39667 | Abyss:2  | Found a corrupted altar of Lugonu.
 39673 | Abyss:2  | Found a corrupted altar of Lugonu.
 39748 | Abyss:2  | Found a transporter.
 40018 | Elf:2    | Escaped the Abyss
 40209 | Elf:2    | Found a runed translucent gate.
 40209 | Elf:2    | Found a runed translucent gate.
 40210 | Elf:2    | Found a runed translucent gate.
 40428 | Elf:2    | Found Soumy's Armour Boutique.
 40501 | Elf:2    | Noticed Jorgrun
 40527 | Elf:2    | Killed Jorgrun
 40918 | Elf:2    | Reached skill level 17 in Shields
 41147 | Elf:3    | Entered Level 3 of the Elven Halls
 41375 | Elf:3    | Identified the +8 dagger "Isijop" {pierce, MR+ Stlth+}
 41375 | Elf:3    | Identified the +6 glaive "Demonslayer" {flame, rPois rC+++
                  | MR- Str-3}
 41603 | Elf:3    | Cast into level 3 of the Abyss (a deep elf demonologist)
 41637 | Abyss:3  | Noticed a bone dragon
 41647 | Abyss:3  | Noticed an ancient lich
 41657 | Abyss:3  | Killed a bone dragon
 41667 | Abyss:3  | Killed an ancient lich
 41791 | Elf:3    | Escaped the Abyss
 41837 | Elf:3    | Identified the +9 war axe "Kyno" {chop, rC+}
 41844 | Elf:3    | Identified the +5 rapier of the Dove {pierce, rElec rF+}
 41851 | Elf:3    | Reached XP level 21. HP: 149/192 MP: 15/27
 41855 | Elf:3    | Cast into level 3 of the Abyss (a deep elf sorcerer)
 41867 | Elf:3    | Escaped the Abyss
 42036 | Elf:3    | Cast into level 2 of the Abyss (a deep elf sorcerer)
 42036 | Abyss:2  | Found a corrupted altar of Lugonu.
 42616 | Elf:3    | Escaped the Abyss
 43017 | Elf:3    | Found the +3 pair of gauntlets of War {Slay+5}
 43046 | Elf:3    | Got a slimy lead ring
 43047 | Elf:3    | Identified the ring "Ruvogikir" {+Fly MP+9 Int+2 Dex+2}
                  | (You found it on level 3 of the Elven Halls)
 43089 | Elf:3    | Identified the cursed ring "Deoluses" {Str+5 Int-2 Dex+8
                  | Stlth-}
 43126 | Elf:3    | Got a fine ring mail
 43127 | Elf:3    | Identified the +4 ring mail "Widimeuh" {Int+6} (You found
                  | it on level 3 of the Elven Halls)
 43229 | Elf:3    | Found Viutzo's Magic Scroll Boutique.
 43239 | Elf:3    | Bought a scroll of acquirement for 728 gold pieces
 43239 | Elf:3    | Bought a scroll of teleportation for 42 gold pieces
 43239 | Elf:3    | Bought a scroll of identify for 28 gold pieces
 43239 | Elf:3    | Bought a scroll of identify for 28 gold pieces
 43239 | Elf:3    | Bought a scroll of blinking for 105 gold pieces
 43575 | Elf:3    | Bought a scroll of enchant weapon for 105 gold pieces
 43575 | Elf:3    | Bought a scroll of enchant weapon for 105 gold pieces
 44430 | Depths:2 | Got a blackened large shield
 44441 | Depths:2 | Identified the +8 large shield of Quantum Leap {Str+6
                  | Int-3} (You acquired it on level 2 of the Depths)
 44539 | Depths:2 | Reached skill level 15 in Invocations
 45090 | Depths:3 | Found a one-way gate leading to the halls of Pandemonium.
 45200 | Depths:3 | Reached skill level 18 in Shields
 45995 | Depths:4 | Noticed Xtahua
 46004 | Depths:4 | Killed Xtahua
 46004 | Depths:4 | Reached XP level 22. HP: 202/202 MP: 23/29
 46599 | Depths:4 | Noticed Jory
 46631 | Depths:4 | Killed Jory
 46848 | Depths:4 | Found a one-way gate to the infinite horrors of the Abyss.
 47180 | Depths:5 | Entered Level 5 of the Depths
 47330 | Depths:5 | Noticed a golden dragon
 47344 | Depths:5 | Noticed Mennas
 47349 | Depths:5 | Killed a golden dragon
 47362 | Depths:5 | Killed Mennas
 47404 | Depths:5 | Found Jixiepn's Food Boutique.
 48121 | Elf:1    | Bought a scroll of enchant armour for 270 gold pieces
 48426 | Vaults:1 | Entered Level 1 of the Vaults
 48435 | Vaults:1 | Reached XP level 23. HP: 211/211 MP: 28/30
 48511 | Vaults:1 | Reached skill level 19 in Shields
 48668 | Vaults:1 | Found a large runed translucent door.
 48668 | Vaults:1 | Found a large runed translucent door.
 48668 | Vaults:1 | Found a large runed translucent door.
 48668 | Vaults:1 | Found a large runed translucent door.
 48668 | Vaults:1 | Found a large runed translucent door.
 48668 | Vaults:1 | Found a large runed translucent door.
 48668 | Vaults:1 | Found a large runed translucent door.
 48668 | Vaults:1 | Found a large runed translucent door.
 48668 | Vaults:1 | Noticed Dypiresa's ghost (adept MiFi)
 48677 | Vaults:1 | Killed Dypiresa's ghost
 50668 | Vaults:2 | Reached skill level 20 in Shields
 50900 | Vaults:2 | Paralysed by a great orb of eyes for 5 turns
 51351 | Vaults:3 | Noticed Boris
 51360 | Vaults:3 | Killed Boris
 51455 | Vaults:3 | Found Moyfro's Magic Scroll Boutique.
 51744 | Vaults:3 | Reached XP level 24. HP: 220/220 MP: 31/31
 51996 | Vaults:3 | Found a staircase to the Crypt.
 51996 | Vaults:3 | Found an ancient bone altar of Kikubaaqudgha.
 51997 | Vaults:3 | Found a basalt altar of Yredelemnul.
 52005 | Crypt:1  | Entered Level 1 of the Crypt
 52160 | Crypt:1  | Noticed Bai Suzhen
 52164 | Crypt:1  | Noticed Margery
 52171 | Crypt:1  | Killed Bai Suzhen
 52177 | Crypt:1  | Killed Margery
 52250 | Crypt:1  | Reached skill level 21 in Shields
 53410 | Crypt:2  | Cast into level 4 of the Abyss (the power of Zot)
 53536 | Abyss:4  | Paralysed by accursed screaming for 1 turns
 53553 | Abyss:4  | Paralysed by accursed screaming for 1 turns
 53559 | Abyss:4  | Gained mutation: You are agile. (Dex +2) [a neqoxec]
 53561 | Abyss:4  | Paralysed by accursed screaming for 1 turns
 53567 | Crypt:2  | Escaped the Abyss
 54071 | Crypt:2  | Found an ancient bone altar of Kikubaaqudgha.
 54072 | Crypt:2  | Found the +6 shillelagh "Devastator" {shatter}
 54874 | Crypt:3  | Entered Level 3 of the Crypt
 55165 | Crypt:2  | Reached XP level 25. HP: 227/227 MP: 30/31
 55516 | Crypt:3  | Identified the +7 spear "Beoruekovo" {flame, rPois Str+3
                  | Dex+3}
 55632 | Crypt:3  | Found a runed translucent gate.
 55633 | Crypt:3  | Found a runed translucent gate.
 55633 | Crypt:3  | Found a runed translucent gate.
 55652 | Crypt:3  | Found a staircase to the Tomb.
 56202 | Crypt:3  | Noticed Sojobo
 56402 | Crypt:2  | Killed Sojobo
 58352 | Vaults:4 | Reached skill level 10 in Evocations
 58509 | Vaults:4 | Noticed Mara
 58514 | Vaults:4 | Got an ichor-stained leather armour
 58522 | Vaults:4 | Noticed pkoi's illusion
 58522 | Vaults:4 | Killed Mara
 58526 | Vaults:4 | Identified the +3 leather armour "Komif" {Str+4} (You found
                  | it on level 4 of the Vaults)
 58570 | Vaults:4 | Reached skill level 22 in Shields
 58997 | Vaults:4 | Found an ancient bone altar of Kikubaaqudgha.
 59608 | Vaults:5 | Entered Level 5 of the Vaults
 59615 | Vaults:4 | Reached XP level 26. HP: 238/238 MP: 31/31
 60165 | Vaults:5 | Found the +8 lance "Wyrmbane" {slay drac, rPois rF+ rC+
                  | AC+3}
 60195 | Vaults:5 | Noticed an ancient lich
 60204 | Vaults:5 | Killed an ancient lich
 60204 | Vaults:5 | Reached skill level 10 in Throwing
 60335 | Vaults:5 | Noticed an ancient lich
 60352 | Vaults:5 | Killed an ancient lich
 60472 | Vaults:5 | Got a crude chain mail
 60473 | Vaults:5 | Identified the +4 chain mail "Mith" {rN+ Dex+4} (You found
                  | it on level 5 of the Vaults)
 60536 | Vaults:5 | Got a crystal falchion
 60537 | Vaults:5 | Identified the +4 falchion of Regicide {pain, Int+6 Dex-3}
                  | (You found it on level 5 of the Vaults)
 60561 | Vaults:5 | Got a spiked leather armour
 60562 | Vaults:5 | Identified the cursed +1 leather armour of Paranoia {Int+2
                  | Stlth+} (You found it on level 5 of the Vaults)
 61124 | Vaults:5 | Got a silver rune of Zot
 61902 | Depths:5 | Reached XP level 27. HP: 248/248 MP: 32/32
 62013 | Depths:5 | Found a gate to the Realm of Zot.
 62027 | Depths:5 | Cast into level 2 of the Abyss (yellow draconian)
 62668 | Depths:5 | Escaped the Abyss
 63534 | Zot:1    | Entered Level 1 of the Realm of Zot
 63912 | Zot:1    | Reached skill level 23 in Shields
 65367 | Zot:2    | Got a warped cloak
 65368 | Zot:2    | Identified the cursed +0 cloak of the Prince {-Tele rN+
                  | Int+4} (You found it on level 2 of the Realm of Zot)
 66937 | Zot:3    | Found a transporter.
 67058 | Zot:3    | Found a transporter.
 67718 | Elf:1    | Bought a wand of digging (5) for 288 gold pieces
 67718 | Elf:1    | Bought a wand of digging (5) for 288 gold pieces
 70270 | Zot:4    | Reached skill level 5 in Translocations
 70774 | Zot:5    | Entered Level 5 of the Realm of Zot
 70789 | Zot:5    | Noticed an orb of fire
 70809 | Zot:5    | Killed an orb of fire
 71001 | Zot:3    | Reached skill level 5 in Spellcasting
 71016 | Zot:3    | Gained mutation: You are dopey. (Int -2) [a cacodemon]
 71261 | Zot:3    | Got a coiled granite ring
 71262 | Zot:3    | Identified the ring "Cistenom" {rPois rN+ SInv Stlth-} (You
                  | found it on level 3 of the Realm of Zot)
 71270 | Zot:3    | Got a steaming plate armour
 71271 | Zot:3    | Identified the cursed +1 plate armour "Coerph" {Str+3
                  | Slay+3} (You found it on level 3 of the Realm of Zot)
 71281 | Zot:3    | Got a transparent granite ring
 71290 | Zot:3    | Identified the ring of Mimics {+Fly rC++ MR+ Dex+4 Stlth+}
                  | (You found it on level 3 of the Realm of Zot)
 71556 | Zot:5    | Reached skill level 24 in Shields
 71835 | Zot:5    | Noticed an ancient lich
 71850 | Zot:5    | Killed an ancient lich
 71861 | Zot:5    | Noticed an orb of fire
 71876 | Zot:5    | Gained mutation: Your magical capacity is very low. (-20%
                  | MP) [an orb of fire]
 71883 | Zot:5    | Gained mutation: You sometimes yell uncontrollably at your
                  | foes. [an orb of fire]
 71890 | Zot:5    | Killed an orb of fire
 72138 | Zot:5    | Noticed an orb of fire
 72141 | Zot:5    | Noticed an ancient lich
 72151 | Zot:5    | Gained mutation: Potions are less effective at restoring
                  | your health. [an orb of fire]
 72154 | Zot:5    | Gained mutation: Your body sometimes deteriorates upon
                  | taking damage. [an orb of fire]
 72159 | Zot:5    | Killed an orb of fire
 72161 | Zot:5    | Killed an ancient lich
 72853 | Zot:5    | Noticed an ancient lich
 72866 | Zot:5    | Killed an ancient lich
 73524 | Slime:1  | Entered Level 1 of the Pits of Slime
 73646 | Slime:1  | Gained mutation: Scrolls take you a little longer to read.
                  | [a shining eye]
 73659 | Slime:1  | Gained mutation: Armour fits poorly on your strangely
                  | shaped body. [a shining eye]
 74824 | Slime:3  | Gained mutation: Scrolls take you longer to read. [a
                  | shining eye]
 74825 | Slime:3  | Gained mutation: You are occasionally teleported next to
                  | monsters. [a shining eye]
 75051 | D:12     | Bought a potion of mutation for 160 gold pieces
 75051 | D:12     | Lost mutation: Armour fits poorly on your strangely shaped
                  | body. [potion of mutation]
 75051 | D:12     | Lost mutation: Your body sometimes deteriorates upon taking
                  | damage. [potion of mutation]
 75051 | D:12     | Lost mutation: Your magical capacity is very low. (-20% MP)
                  | [potion of mutation]
 75051 | D:12     | Gained mutation: Your system is resistant to poisons.
                  | (rPois) [potion of mutation]
 75175 | Elf:1    | Bought a potion of mutation for 288 gold pieces
 75175 | Elf:1    | Lost mutation: Your magical capacity is low. (-10% MP)
                  | [potion of mutation]
 75175 | Elf:1    | Lost mutation: Scrolls take you longer to read. [potion of
                  | mutation]
 75175 | Elf:1    | Lost mutation: You are dopey. (Int -2) [potion of mutation]
 75175 | Elf:1    | Lost mutation: You sometimes yell uncontrollably at your
                  | foes. [potion of mutation]
 75175 | Elf:1    | Gained mutation: You are somewhat resistant to further
                  | mutation. [potion of mutation]
 75175 | Elf:1    | Gained mutation: You have an increased reservoir of magic.
                  | (+10% MP) [potion of mutation]
 76326 | Slime:3  | Gained mutation: Armour fits poorly on your strangely
                  | shaped body. [a shining eye]
 76608 | Slime:5  | Entered Level 5 of the Pits of Slime
 76622 | Slime:5  | Found a viscous altar of Jiyva.
 76622 | Slime:5  | Noticed the Royal Jelly
 76648 | Slime:5  | Killed the Royal Jelly
 76709 | Slime:5  | Got a flickering tin ring
 76712 | Slime:5  | Identified the ring "Nevelanu" {Int+2 Dex+3 Stlth-} (You
                  | found it on level 5 of the Pits of Slime)
 76794 | Slime:5  | Got a slimy rune of Zot
 76803 | Slime:5  | Got a transparent steel amulet
 76806 | Slime:5  | Identified the amulet of Deivaol {Harm *Drain rF+} (You
                  | found it on level 5 of the Pits of Slime)
 77036 | Lair:6   | Lost mutation: You are agile. (Dex +2) [potion of mutation]
 77036 | Lair:6   | Lost mutation: Armour fits poorly on your strangely shaped
                  | body. [potion of mutation]
 77036 | Lair:6   | Lost mutation: Your system is resistant to poisons. (rPois)
                  | [potion of mutation]
 77036 | Lair:6   | Lost mutation: Scrolls take you a little longer to read.
                  | [potion of mutation]
 77149 | Lair:2   | Lost mutation: You are weak. (Str -2) [potion of mutation]
 77149 | Lair:2   | Lost mutation: Potions are less effective at restoring your
                  | health. [potion of mutation]
 77149 | Lair:2   | Lost mutation: You have an increased reservoir of magic.
                  | (+10% MP) [potion of mutation]
 77279 | Swamp:2  | Lost mutation: You occasionally shout uncontrollably at
                  | your foes. [potion of mutation]
 77279 | Swamp:2  | Lost mutation: You are somewhat resistant to further
                  | mutation. [potion of mutation]
 77279 | Swamp:2  | Gained mutation: You are resistant to electric shocks.
                  | (rElec) [potion of mutation]
 77279 | Swamp:2  | Gained mutation: You are somewhat resistant to further
                  | mutation. [potion of mutation]
 77531 | Elf:1    | Lost mutation: You are somewhat resistant to further
                  | mutation. [potion of mutation]
 77531 | Elf:1    | Lost mutation: You are resistant to electric shocks.
                  | (rElec) [potion of mutation]
 77531 | Elf:1    | Gained mutation: You passively map a small area around you.
                  | [potion of mutation]
 77531 | Elf:1    | Gained mutation: You are partially covered in yellow
                  | scales. (AC +2) [potion of mutation]
 77721 | D:14     | Lost mutation: You passively map a small area around you.
                  | [potion of mutation]
 77721 | D:14     | Gained mutation: Your spells are a little harder to cast,
                  | but a little more powerful. [potion of mutation]
 77721 | D:14     | Gained mutation: You expend magic power (3 MP) to
                  | strengthen your wands. [potion of mutation]
 78171 | Zot:5    | Noticed an ancient lich
 78181 | Zot:5    | Killed an ancient lich
 78435 | Zot:5    | Noticed an orb of fire
 78439 | Zot:5    | Noticed an ancient lich
 78439 | Zot:5    | Noticed an orb of fire
 78446 | Zot:5    | Gained mutation: You are clumsy. (Dex -2) [an orb of fire]
 78448 | Zot:5    | Killed an orb of fire
 78452 | Zot:5    | Killed an ancient lich
 78458 | Zot:5    | Gained mutation: You are frail. (-10% HP) [an orb of fire]
 78463 | Zot:5    | Killed an orb of fire
 79251 | Zot:5    | Upgraded the game from 0.24-a0-528-g98e85ec to
                  | 0.24-a0-529-g0b98641
 80668 | Depths:1 | Lost mutation: You are occasionally teleported next to
                  | monsters. [potion of mutation]
 80668 | Depths:1 | Lost mutation: You are partially covered in yellow scales.
                  | (AC +2) [potion of mutation]
 80668 | Depths:1 | Gained mutation: You are partially covered in yellow
                  | scales. (AC +2) [potion of mutation]
 80668 | Depths:1 | Gained mutation: You evolve. [potion of mutation]
 80811 | Depths:3 | Noticed a juggernaut
 80824 | Depths:3 | Killed a juggernaut
 80834 | Depths:3 | Reached skill level 25 in Shields
 81089 | Depths:3 | Found the +8 orange crystal plate armour {Archmagi, Int+3
                  | Clar}
 81112 | Depths:3 | Got a polished hat
 81123 | Depths:3 | Identified the -1 hat of Anaesthesia {rF+ rC++ Int+3} (You
                  | acquired it on level 3 of the Depths)
 81729 | Pan      | Entered Pandemonium
 81824 | Pan      | Reached skill level 1 in Stealth
 82371 | Pan      | Entered the realm of Gloorx Vloq.
 82566 | Pan      | Noticed Gloorx Vloq
 82577 | Pan      | HP: 10/231 [Gloorx Vloq] (12)]
 82577 | Pan      | Slain by an Executioner

Levels and vault maps discovered:
D:1:      wheals_arrival_linesprint, layout_loops_corners,
          chequers_serial_rivers_large_a, minmay_small_reverse_x
D:2:      layout_basic, overflow_temple_1_default, first_ration
D:3:      layout_basic, uniq_terence, uniq_crazy_yiuf_cottage
D:4:      layout_basic, overflow_temple_1_default, nicolae_ossuary_entry_plus,
          minmay_misc_feat_five, uniq_grinder, uniq_natasha, uniq_duvessa,
          uniq_edmund
D:5:      layout_cave_pools, nicolae_overflow_crystal_walls,
          minmay_temple_entry_drinking_statues, uniq_menkaure, uniq_ijyb,
          uniq_pikel
D:6:      layout_loops_ring, kennysheep_okawaru_gauntlet, serial_shops,
          shop_fountains, uniq_eustachio
D:7:      layout_rooms, kennysheep_mini_moat, grunt_dithmenos_smoke
D:8:      kennysheep_blocky_hall, layout_loops_ring, lemuel_doored_altar,
          serial_shops, shop, grunt_livestock, uniq_prince_ribbit1
D:9:      layout_long_grid, uniq_harold
D:10:     layout_loops_ring, evilmike_minifort
D:11:     layout_long_grid, david_lair_shrubbed, hiddenorc1_lemuel,
          enter_trove_5, uniq_erolcha
D:12:     layout_roguey, serial_shops, nicolae_shop_crystal,
          kennysheep_generic_room_10, uniq_nessos
D:13:     minmay_triangles_in_corner, layout_rooms, serial_shops,
          nicolae_shop_statue_plus, nicolae_sextant, palyth_stone_intersect,
          hangedman_decor_growths, minmay_diced_spiral
D:14:     layout_loops_ring, grunt_vaults_entry_tiered,
          kennysheep_pointless_box, gauntlet_entry_generic, uniq_frances
D:15:     grunt_enter_depths_snipers, layout_basic, dk_noncrumbling_3
Temple:   nicolae_temple_x_marks_the_god
Lair:1:   layout_cave_pods, uniq_urug
Lair:2:   layout_gridlike
Lair:3:   layout_loops_ring, enter_volcano_2, portal_ice_cave_entry_imps,
          patterned_corridor, grunt_megastairs_2, uniq_gastronok
Lair:4:   layout_regular_city, swamp_mist_pool,
          nicolae_spider_entry_non_spiders, bobbens_dragon_lair_wall
Lair:5:   layout_small_grid
Lair:6:   guppyfry_lair_end_dragon, layout_regular_city,
          hangedman_lair_caniforms_friends, minmay_slime_entry_oklob_enclosed,
          uniq_sonja
Swamp:1:  layout_basic_swamp, nicolae_swamp_godswood, swamp_pool1
Swamp:2:  layout_basic_swamp, evilmike_swamp_ruin_house_3, swamp_pool1
Swamp:3:  layout_falls_marsh, evilmike_swamp_ruin_house_4
Swamp:4:  swamp, layout_basic_swamp
Spider:1: layout_spider_delve
Spider:2: layout_spider_delve, uniq_arachne
Spider:3: layout_spider_delve
Spider:4: spider_rune_water
Slime:1:  layout_caves, cheibrodos_slime_lost_civilization_4
Slime:2:  layout_caves, nicolae_slime_barrier
Slime:3:  layout_caves
Slime:4:  layout_caves
Slime:5
Orc:1:    layout_caves, bloody_makhleb
Orc:2:    grunt_orc_community_town_hall, layout_caves,
          grunt_orc_community_big_house_2, grunt_orc_community_big_house_2,
          grunt_orc_community_house_1, grunt_orc_community_house_1,
          grunt_orc_community_house_1, grunt_orc_community_house_2, basic_altar,
          serial_shops, nicolae_shop_waterfront,
          chequers_guarded_unrand_ignorance, uniq_azrael
Elf:1:    layout_loops_corners, serial_shops,
          nicolae_shop_competitors_out_of_business,
          portal_desolation_entry_holy_temple, kennysheep_underground_church,
          ebering_dispersal_statue_hall, minmay_shop_grove, uniq_asterion
Elf:2:    layout_rooms, serial_shops, shop_statue, special_room
          [special_room_mythical_zoo], uniq_jorgrun
Elf:3:    minmay_elf_hall_dome, layout_gridlike, serial_shops, shop
Vaults:1: advil_vaults_ghost_lines, nicolae_vaults_little_squares_4,
          grunt_vaults_swirl, vaults_dpeg_cross, ontoclasm_vaults_chip,
          v_rooms_3, ontoclasm_vaults_eye, ontoclasm_vaults_misaligned,
          hangedman_vaults_snaps, v_misc_1, vaults_room_ringed_pool,
          vaults_room_semicircle, nicolae_vaults_rhombus_7,
          ontoclasm_vaults_fault, nicolae_vaults_little_squares_3,
          ontoclasm_vaults_decontamination, layout_vaults_omnibox
Vaults:2: nicolae_vaults_network_periphery, vaults_room_pool, v_pattern_3,
          vaults_mumra_lcd, nicolae_vaults_three_branches,
          vaults_standard_mumra_enter_the_diamond, vaults_room_corners,
          layout_vaults_omnigrid
Vaults:3: serial_ice_g, minmay_crypt_entry_necro_gods, v_misc_13, v_misc_3,
          nicolae_vaults_back_hallway, v_misc_27, hangedman_vaults_stitches,
          vaults_room_fours, vaults_room_pools, vaults_room_pool,
          hangedman_vaults_slice, layout_vaults_big_room, serial_shops,
          bzr_firewalk, shop, uniq_boris
Vaults:4: nicolae_vaults_twisting_passages, vaults_dpeg_hooks, v_alt_pattern_3,
          nicolae_vaults_angled_halls, ontoclasm_vaults_loading_screen,
          ontoclasm_vaults_loading_screen, grunt_vaults_twisty, v_pattern_1,
          vaults_room_hallway, vaults_mumra_minichess,
          vaults_mumra_chevron_long, hangedman_vaults_slice,
          ontoclasm_vaults_bender, layout_vaults_omnicross, basic_altar,
          uniq_mara
Vaults:5
Crypt:1:  layout_misc_corridors, uniq_margery, uniq_bai_suzhen
Crypt:2:  cheibrodos_crypt_down_in_the_bonehoard, layout_misc_corridors
Crypt:3:  due_elkab, layout_chaotic_city, pandoras_box_mu, uniq_sojobo
Depths:1: minmay_bad_star, layout_cave_shapes, enter_ziggurat_e,
          lightli_too_deep, minmay_st_funbox, minmay_orc_keep
Depths:2: minmay_inner_zag, layout_cave_pools, pf_hell_entry_great_geh,
          chequers_serial_rivers_micro_d, uniq_enchantress
Depths:3: minmay_connected_triangles_in_corner, layout_cave_shapes,
          hangedman_tar_grid_catacomb, grunt_pan_entry_sceptre,
          chequers_serial_rivers_marsh, nrook_mini_vaults,
          kennysheep_nondescript
Depths:4: minmay_tri_stars, layout_basic, minmay_room_of_horrors,
          small_statue_intersection, hell_entry, uniq_jory, uniq_xtahua
Depths:5: evilmike_zot_entry_round, layout_gridlike, minmay_door_square,
          serial_shops, shop, hell_entry, grunt_ministairs_10, uniq_mennas
Zot:1:    layout_cathedral_of_symmetry
Zot:2:    layout_basic
Zot:3:    gammafunk_dig_for_victory, layout_misc_corridors
Zot:4:    grunt_zot_stairs_overgrown, layout_misc_corridors
Zot:5:    layout_twisted_circle, hangedman_zot_decor_checkerboard
Pan:      evilmike_gloorx_vloq_box, layout_pan_divisions_a
          [pan_division_quadrant_a4, pan_division_quadrant_a6,
          pan_division_quadrant_a5, pan_division_quadrant_a5,
          pan_division_octagon_halves], nicolae_pan_sigil_obb

Skill      XL: |  1  2  3  4  5  6  7  8  9 10 11 12 13 14 15 16 17 18 19 20 21 22 23 24 25 26 27 |
---------------+----------------------------------------------------------------------------------+-----
Long Blades    | 3 4 6 7 9 11 12 13 14 15 16 17 18 19 20 21 22 24 | 24.6
Fighting       | 5 6 7 9 10 11 12 13 14 15 16 17 18 19 20 23 | 23.2
Throwing       | 2 3 4 6 7 9 10 13 | 13.7
Armour         | 5 6 7 9 10 11 12 13 14 15 16 17 18 19 20 21 22 23 | 23.1
Dodging        | 2 4 6 7 8 9 10 11 12 13 14 15 16 17 18 19 | 19.3
Shields        | 5 6 7 9 10 11 12 13 14 15 16 17 18 20 21 22 25 | 25.1
Invocations    | 2 4 5 7 8 9 10 11 12 13 14 15 17 18 19 21 | 21.6
Evocations     | 2 4 5 6 7 8 9 10 11 14 | 14.1
Translocations | 3 8 |  8.6
Spellcasting   | 2 7 |  7.9
Stealth        | 2 |  2.2

Action                   |  1- 3 |  4- 6 |  7- 9 | 10-12 | 13-15 | 16-18 | 19-21 | 22-24 | 25-27 || total
-------------------------+-------+-------+-------+-------+-------+-------+-------+-------+-------++-------
Melee: Long sword        |   117 |   144 |   355 |   616 |  1164 |   445 |   462 |       |       ||  3303
       Headbutt          |     7 |    27 |    74 |   146 |   356 |   466 |   474 |   407 |   845 ||  2802
       Unarmed           |       |       |     7 |       |       |       |       |       |     1 ||     8
       Demon blade       |       |       |       |       |       |   800 |   675 |       |       ||  1475
       Scimitar          |       |       |       |       |       |   150 |    10 |       |       ||   160
       Double sword      |       |       |       |       |       |       |   280 |  1363 |  2424 ||  4067
Throw: Dart              |       |       |       |     9 |     3 |       |       |       |       ||    12
       Boomerang         |       |       |       |       |    27 |   116 |    72 |    25 |   158 ||   398
       Javelin           |       |       |       |       |       |       |       |       |     7 ||     7
 Cast: Apportation       |       |       |       |       |       |     3 |     2 |       |    14 ||    19
Invok: Lesser Servant of |       |       |       |    16 |    17 |    24 |     9 |       |     1 ||    67
       Major Destruction |       |       |       |       |     2 |       |       |       |       ||     2
       Greater Servant o |       |       |       |       |       |     1 |     2 |     6 |    24 ||    33
Evoke: Wand              |       |       |       |       |       |       |       |       |     2 ||     2
  Use: Potion            |       |       |     1 |     7 |       |     1 |     2 |       |    10 ||    21
       Scroll            |       |       |     9 |    15 |    10 |    12 |    18 |     8 |    26 ||    98
 Stab: Distracted        |       |       |       |     2 |     1 |     3 |     1 |     2 |     4 ||    13
       Confused          |       |       |       |       |       |       |       |       |     1 ||     1
  Eat: Chunk             |     1 |     6 |    11 |    27 |    28 |    28 |    25 |    25 |   113 ||   264
       Ration            |       |       |       |       |     2 |     4 |     3 |     2 |     8 ||    19
Armor: Scale mail        |    67 |    31 |       |       |       |       |       |       |       ||    98
       Plate armour      |       |    23 |   114 |   213 |   165 |       |       |       |       ||   515
       Chain mail        |       |       |       |       |   135 |   597 |   448 |    79 |       ||  1259
       Ring mail         |       |       |       |       |     5 |       |       |       |       ||     5
       Acid dragon scale |       |       |       |       |       |     9 |       |       |       ||     9
       Gold dragon scale |       |       |       |       |       |       |       |   368 |  1267 ||  1635
Dodge: Dodged            |    42 |    25 |    95 |   254 |   442 |  1104 |   591 |   435 |   955 ||  3943
Block: Shield            |    80 |    75 |   147 |   276 |   602 |  1154 |   906 |  1008 |  1820 ||  6068
       Large shield      |       |       |       |       |       |    20 |       |       |   259 ||   279
       Rpst.: Long sword |     9 |     3 |    33 |    56 |   104 |    68 |    35 |       |       ||   308
       Demon blade       |       |       |       |       |       |   102 |    52 |       |       ||   154
       Scimitar          |       |       |       |       |       |    18 |     2 |       |       ||    20
       Double sword      |       |       |       |       |       |       |    15 |    77 |   177 ||   269

Table legend:
 A = Non-vault XP
 B = Vault XP
 C = Vault XP percentage of total XP
 D = Non-vault monster count
 E = Vault monster count
 F = Vault count percentage of total count
                 A         B        C        D         E       F
            +---------+---------+-------+---------+---------+-------
      Total | 1247972 |  999220 |  44.5 |    2127 |    1152 |  35.1
            +---------+---------+-------+---------+---------+-------
        D:1 |      55 |       7 |  11.3 |      32 |       4 |  11.1
        D:2 |     248 |       0 |   0.0 |      29 |       0 |   0.0
        D:3 |     153 |      75 |  32.9 |      17 |       2 |  10.5
        D:4 |     812 |    1319 |  61.9 |      26 |       6 |  18.8
        D:5 |     509 |     208 |  29.0 |      17 |       2 |  10.5
        D:6 |     205 |     197 |  49.0 |       6 |       1 |  14.3
        D:7 |    1129 |       0 |   0.0 |      25 |       0 |   0.0
        D:8 |     737 |    1467 |  66.6 |      16 |      10 |  38.5
        D:9 |    1541 |     987 |  39.0 |      25 |       1 |   3.8
       D:10 |    2947 |       0 |   0.0 |      19 |       0 |   0.0
       D:11 |    4835 |    2161 |  30.9 |      29 |      20 |  40.8
       D:12 |    6041 |     997 |  14.2 |      35 |       1 |   2.8
       D:13 |    8355 |    9315 |  52.7 |      31 |      22 |  41.5
       D:14 |   11336 |    9966 |  46.8 |      32 |      26 |  44.8
       D:15 |   21355 |    5063 |  19.2 |      31 |       5 |  13.9
     Lair:1 |    3122 |     811 |  20.6 |      15 |       1 |   6.2
     Lair:2 |    2851 |       0 |   0.0 |      13 |       0 |   0.0
     Lair:3 |    2442 |    3229 |  56.9 |      11 |      16 |  59.3
     Lair:4 |    4770 |    4634 |  49.3 |      18 |      23 |  56.1
     Lair:5 |    5927 |     847 |  12.5 |      19 |       4 |  17.4
     Lair:6 |   13774 |   15597 |  53.1 |      33 |      73 |  68.9
    Swamp:1 |   13478 |       0 |   0.0 |      33 |       0 |   0.0
    Swamp:2 |   10888 |       0 |   0.0 |      25 |       0 |   0.0
    Swamp:3 |   16104 |    2612 |  14.0 |      43 |       3 |   6.5
    Swamp:4 |   11564 |   13521 |  53.9 |      27 |      23 |  46.0
   Spider:1 |   13568 |       0 |   0.0 |      41 |       0 |   0.0
   Spider:2 |   12731 |    3201 |  20.1 |      44 |       1 |   2.2
   Spider:3 |   33077 |    2251 |   6.4 |      74 |       4 |   5.1
   Spider:4 |    5811 |   20647 |  78.0 |      18 |      46 |  71.9
    Slime:1 |   13686 |       0 |   0.0 |      17 |       0 |   0.0
    Slime:2 |   18927 |       0 |   0.0 |      47 |       0 |   0.0
    Slime:3 |   11103 |       0 |   0.0 |      22 |       0 |   0.0
    Slime:4 |    9106 |       0 |   0.0 |      15 |       0 |   0.0
    Slime:5 |   10053 |   27774 |  73.4 |      12 |      13 |  52.0
      Orc:1 |    2179 |     496 |  18.5 |      22 |       3 |  12.0
      Orc:2 |    5847 |   11752 |  66.8 |      44 |      77 |  63.6
      Elf:1 |   13844 |   11835 |  46.1 |      24 |      15 |  38.5
      Elf:2 |   13573 |   63233 |  82.3 |      22 |      62 |  73.8
      Elf:3 |   21611 |   23697 |  52.3 |      34 |      17 |  33.3
   Vaults:1 |   44448 |   23164 |  34.3 |      81 |      31 |  27.7
   Vaults:2 |   25418 |   19498 |  43.4 |      51 |      28 |  35.4
   Vaults:3 |   34987 |   22903 |  39.6 |      64 |      35 |  35.4
   Vaults:4 |   56505 |   56361 |  49.9 |      93 |      47 |  33.6
   Vaults:5 |   24713 |  115846 |  82.4 |      41 |      72 |  63.7
    Crypt:1 |   26816 |   14202 |  34.6 |      36 |       9 |  20.0
    Crypt:2 |   58431 |   35272 |  37.6 |      73 |      29 |  28.4
    Crypt:3 |   21601 |   51907 |  70.6 |      37 |      84 |  69.4
   Depths:1 |   45423 |   37583 |  45.3 |      71 |      34 |  32.4
   Depths:2 |   12546 |    8971 |  41.7 |      17 |      10 |  37.0
   Depths:3 |   27035 |   39603 |  59.4 |      32 |      27 |  45.8
   Depths:4 |   61675 |   28430 |  31.6 |      66 |      32 |  32.7
   Depths:5 |   51110 |   39143 |  43.4 |      40 |      25 |  38.5
      Zot:1 |   74600 |       0 |   0.0 |      39 |       0 |   0.0
      Zot:2 |   59097 |       0 |   0.0 |      36 |       0 |   0.0
      Zot:3 |   34484 |   44037 |  56.1 |      21 |      21 |  50.0
      Zot:4 |   64841 |     550 |   0.8 |      44 |       1 |   2.2
      Zot:5 |   55665 |  156160 |  73.7 |      20 |      40 |  66.7
    Abyss:2 |   39333 |   15099 |  27.7 |      95 |      18 |  15.9
    Abyss:3 |   36777 |       0 |   0.0 |      56 |       0 |   0.0
    Abyss:4 |   13727 |   12668 |  48.0 |      30 |      24 |  44.4
        Pan |   48446 |   16790 |  25.7 |      41 |      13 |  24.1
    Ossuary |       0 |     247 | 100.0 |       0 |      32 | 100.0
 Desolation |       0 |   18350 | 100.0 |       0 |      40 | 100.0
   Gauntlet |       0 |    4537 | 100.0 |       0 |      19 | 100.0
            +---------+---------+-------+---------+---------+-------
